 Dungeon Crawl Stone Soup version 0.28-a0-479-g5baa6b73be (webtiles) character file.

Game seed: 10222797229488946661

102 Spaninq the Chopper (level 4, -4/40 HPs)
             Began as a Hill Orc Wanderer on Sept 17, 2021.
             Killed by divine providence
             ... invoked by an orc priest
              (12 damage)
             ... on level 3 of the Dungeon.
             The game lasted 00:06:01 (1767 turns).

Spaninq the Chopper (Hill Orc Wanderer)             Turns: 1767, Time: 00:06:01

Health: -4/40      AC:  8    Str: 15    XL:     4   Next: 77%
Magic:  4/4        EV:  6    Int: 10    God:
Gold:   136        SH:  0    Dex: 12    Spells: 3/3 levels left

rFire   . . .      SeeInvis .   a - +2 hand axe
rCold   . . .      Faith    .   (no shield)
rNeg    . . .      Spirit   .   h - +0 chain mail
rPois   .          Reflect  .   (no helmet)
rElec   .          Harm     .   (no cloak)
rCorr   .          Rampage  .   (no gloves)
Will    .....                   (no boots)
Stlth   ..........              (no amulet)
HPRegen 0.13/turn               (no ring)
MPRegen 0.09/turn               (no ring)

@: no status effects
A: no striking features
a: Convert to Beogh


You were on level 3 of the Dungeon.
You visited 1 branch of the dungeon, and saw 3 of its levels.

You collected 136 gold pieces.

Inventory:

Hand Weapons
 a - a +2 hand axe (weapon)
 b - a +0 shortbow
Missiles
 c - 29 arrows
 n - 4 javelins (quivered)
Armour
 h - a +0 chain mail (worn)
Scrolls
 e - 2 scrolls of immolation {unknown}
 f - 3 scrolls of identify {unknown}
 g - a scroll of enchant weapon {unknown}
 k - 3 scrolls of silence {unknown}
 m - a scroll of noise {unknown}
 q - 3 scrolls of teleportation {unknown}
 r - a scroll of fear {unknown}
Potions
 d - 3 potions of curing
 i - a potion of brilliance {unknown}
 j - a potion of might {unknown}
 l - a potion of invisibility {unknown}
 o - a potion of lignification {unknown}
 p - a potion of attraction {unknown}


   Skills:
 + Level 3.6 Fighting
 * Level 5.0 Axes
 - Level 2.6 Bows
 - Level 1.0 Throwing
 + Level 2.1 Armour
 - Level 1.1 Shields


You had 3 spell levels left.
You didn't know any spells.
Your spell library contained the following spells:

 Spells                   Type           Power      Damage    Failure   Level
 Corpse Rot               Necr/Air       N/A        N/A       100%        2
 Dispel Undead            Necr           0%         3d6       100%        4
 Death Channel            Necr           0%         N/A       100%        6


Dungeon Overview and Level Annotations

Branches:
Dungeon (3/15)

Altars:


Message History

You closely miss the orc.
The orc is moderately wounded.
You closely miss the orc.
The orc is moderately wounded.
You hit the orc but do no damage. The orc hits you with a +0 hand axe.
The orc completely misses you.
You hit the orc.
The orc is heavily wounded.
You barely miss the orc. The orc hits you but does no damage. x2
The orc priest looks braver for a moment.
The orc barely misses you.
You hit the orc.
You kill the orc!
You hit the orc.
The orc priest shouts, "Surrender to Beogh and we'll let you live!"
The orc hits you but does no damage.
You slash the orc!
You kill the orc!
You closely miss the orc. The orc hits you but does no damage. x2
You hit the orc priest.
The orc priest is moderately wounded.
You hit the orc.
The orc priest shouts, "Join the one true god or die!"
The orc priest mumbles some strange prayers to Beogh against you.
Pain shoots through your body! The orc barely misses you.
You hit the orc priest.
The orc priest is severely wounded.
You hit the orc.
You kill the orc!
The orc priest invokes the aid of Beogh against you.
Beogh smites you!
* * * LOW HITPOINT WARNING * * *
You hit the orc priest but do no damage.
The orc priest is severely wounded.
The orc priest hits you but does no damage.
You hit the orc priest but do no damage.
The orc priest is severely wounded.
The orc priest invokes the aid of Beogh against you.
Beogh smites you!
You die...

#.####.................#
#.# #.#...#...........#
#.## #.....#...........#
###..####....#...........#
#.......#...##<.........##
#.#####.##..###.........##
... #.....##....<.......
#.8# ###8..##......>)....
#.. +@o.##.....##..... #.
#8).##............ #
#...).##............
#..(.>#######.......
...(.... #.......
###....... #.......
#........ #.......
#!........ #.......
(.....[...# #.......


You could see an orc priest.

Vanquished Creatures
  An orc wizard (D:3)
  3 adders
  A worm (D:2)
  A dart slug (D:2)
  3 orcs (D:3)
  3 endoplasms (D:1)
  2 giant cockroaches
  3 goblins
  4 hobgoblins
  2 jackals (D:2)
  4 kobolds
  2 quokkas
  5 ball pythons
  2 bats
  3 frilled lizards (D:1)
  3 rats
42 creatures vanquished.

Notes
Turn   | Place    | Note
-------+----------+-------------------------------------------
     0 | D:1      | Spaninq the Hill Orc Wanderer began the quest for the Orb.
     0 | D:1      | Spaninq set off with the following items: a +2 hand axe, a
                  | +0 shortbow, 19 arrows, a potion of curing, a +0 robe
     0 | D:1      | Reached XP level 1. HP: 18/18 MP: 1/1
    28 | D:1      | Reached skill level 3 in Axes
   216 | D:1      | Reached XP level 2. HP: 25/25 MP: 2/2
   811 | D:1      | Reached skill level 4 in Axes
   811 | D:1      | Reached XP level 3. HP: 20/31 MP: 3/3
  1402 | D:3      | Reached XP level 4. HP: 30/38 MP: 4/4
  1757 | D:3      | Reached skill level 5 in Axes
  1767 | D:3      | Killed from afar by an orc priest

Illustrated notes

Levels and vault maps discovered:
D:1:      dpeg_arrival_windows_large_door, layout_rooms,
          ebering_dispersal_statue_hall, chequers_serial_rivers_small_3
D:2:      layout_rooms
D:3:      layout_basic, dreamdust_ecumenical_altar_angels_and_demons

Skill      XL: |  1  2  3  4 |
---------------+-------------+-----
Axes           | 3 4 5 |  5.0
Fighting       | 3 |  3.6
Armour         | 2 |  2.1
Bows           | |  2.6
Throwing       | |  1.0
Shields        | |  1.1

Action                   |  1- 3 |  4- 6 || total
-------------------------+-------+-------++-------
Melee: Hand axe          |    57 |    27 ||    84
 Fire: Shortbow          |    35 |    15 ||    50
Armor: Robe              |     2 |       ||     2
       Chain mail        |    30 |    14 ||    44
Dodge: Dodged            |    27 |     9 ||    36

Table legend: (Time is in decaauts)
 A = Elapsed time spent in this place.
 B = Non-inter-level travel time spent in this place.
 C = Inter-level travel time spent in this place.
 D = Time resting spent in this place.
 E = Time spent auto-exploring this place.
 F = Levels seen in this place.
 G = Mean time per level.
                   A        B        C        D        E       F      G
               +--------+--------+--------+--------+--------+-----+--------+
         Total |   1783 |   1752 |     31 |    114 |   1203 |   3 |  594.3 |
       Dungeon |   1783 |   1752 |     31 |    114 |   1203 |   3 |  594.3 |
               +--------+--------+--------+--------+--------+-----+--------+

Top non-repeatable levels by time:
     D:1: 938 daAuts
     D:2: 460 daAuts
     D:3: 383 daAuts
